 Dungeon Crawl Stone Soup version 0.19-b1-5-gdc9fa9d (webtiles) character file.

53 odei the Skirmisher (level 3, 0/30 HPs)
             Began as a Demonspawn Abyssal Knight on Oct 31, 2016.
             Was a Follower of Lugonu.
             Slain by a kobold (3 damage)
             ... on level 3 of the Dungeon.
             The game lasted 00:06:09 (1136 turns).

odei the Skirmisher (Demonspawn Abyssal Knight)     Turns: 1136, Time: 00:06:12

Health: 0/30       AC:  8    Str: 10 (13) XL:     3   Next: 64%
Magic:  4/4        EV: 13    Int: 12 (13) God:    Lugonu [*.....]
Gold:   64         SH:  0    Dex: 15 (17) Spells: 0 memorised, 2 levels left

rFire  . . .     SeeInvis .     a - +2 falchion
rCold  . . .     Gourm    .     q - +0 scale mail
rNeg   . . .     Faith    .     (no shield)
rPois  .         Spirit   .     (no helmet)
rElec  .         Reflect  .     (no cloak)
rCorr  .         Harm     .     (no gloves)
MR     .....                    (no boots)
Stlth  +.........               l - amulet of rage
                                (no ring)
                                (no ring)

@: agile
A: slimy green scales 1
a: Depart the Abyss, Renounce Religion, Evoke Berserk Rage


You were on level 3 of the Dungeon.
You worshipped Lugonu.
Lugonu was aware of your devotion.
You were hungry.

You visited 1 branch of the dungeon, and saw 3 of its levels.
You visited the Abyss 1 time.

You collected 64 gold pieces.

Inventory:

Hand Weapons
 a - a +2 falchion (weapon)
Armour
 b - a +0 leather armour
 q - a +0 scale mail (worn)
Jewellery
 l - an amulet of rage (around neck)
Scrolls
 e - 2 scrolls of recharging
 g - 2 scrolls of identify
 h - 2 scrolls of remove curse {unknown}
 k - a scroll of fog {unknown}
 n - a scroll of teleportation {unknown}
 o - 2 scrolls of blinking {unknown}
 p - a scroll of random uselessness {unknown}
Potions
 j - a potion of lignification {unknown}
Comestibles
 c - 2 bread rations
 f - 6 fruits
 i - a slice of pizza


   Skills:
 + Level 3.8 Fighting
 + Level 2.4 Long Blades
 + Level 2.1 Armour
 + Level 1.0 Dodging
 + Level 0.2 Stealth
 + Level 2.5 Invocations


You had 2 spell levels left.
You didn't know any spells.

Dungeon Overview and Level Annotations

Branches:
Dungeon (3/15)

Altars:
Makhleb

Annotations:
D:3 Jessica


Innate Abilities, Weirdness & Mutations

You are partially covered in slimy green scales. (AC +2)


Message History

The gnoll hits you but does no damage.
It was a potion of agility.
You feel agile all of a sudden. Jessica misses you.
The quokka barely misses you. The kobold barely misses you.
Jessica closely misses you. The gnoll barely misses you.
You riposte.
You hit the gnoll but do no damage.
The gnoll is lightly wounded.
You barely miss Jessica.
Jessica is moderately wounded.
The quokka misses you. Jessica hits you but does no damage.
The kobold hits you but does no damage. The gnoll hits you with a spear.
* * * LOW HITPOINT WARNING * * *
You hit Jessica.
Jessica is heavily wounded.
Jessica shouts, "I don't like beings like you!"
Jessica gestures at you while chanting.
You barely resist. The quokka bites you.
* * * LOW HITPOINT WARNING * * *
Jessica hits you but does no damage. The kobold hits you.
You die...

♣.P8..#.P.. #
♣.♣.......♣.#
.P..#...#P♣P
♣.........P#
♣♣P♣.$_?.PP .
♣r.....g..♣ ..
...♣#.Kg#.♣#...
♣P♣...r@.P.....
♣P....#@.P♣♣.#.
♣♣♣......♣§♣♣#
♣..♣...P♣♣§P#
.P....P♣..§P)#+##
P....♣♣.PP.♣♣...##
..P♣♣.....♣♣.....##
♣♣♣♣..P♣.♣♣♣......##
P?.P.♣♣P......<..#


You could see a gnoll, Jessica, a quokka, a hobgoblin and a kobold.

Vanquished Creatures
  A gnoll (D:3)
  An adder (D:2)
  A leopard gecko (D:1)
  2 bats
  2 giant cockroaches (D:1)
  6 goblins
  4 hobgoblins
  A quokka (D:3)
  3 ball pythons (D:2)
  2 frilled lizards (D:1)
  4 kobolds
  5 rats
  A plant (D:3)
33 creatures vanquished.

Notes
Turn   | Place    | Note
-------+----------+-------------------------------------------
     0 | Abyss:1  | odei the Demonspawn Abyssal Knight began the quest for the Orb.
     0 | Abyss:1  | Reached XP level 1. HP: 18/18 MP: 2/2
    60 | Abyss:1  | Noticed a large abomination
    61 | D:1      | Escaped the Abyss
   307 | D:1      | Gained mutation: You are partially covered in slimy green scales. (AC +2) [demonic ancestry]
   307 | D:1      | Reached XP level 2. HP: 22/24 MP: 3/3
   456 | D:1      | Reached skill level 1 in Dodging
   609 | D:1      | Reached * piety under Lugonu
   968 | D:2      | Reached XP level 3. HP: 30/30 MP: 4/4
  1069 | D:3      | Found a burning altar of Makhleb.
  1121 | D:3      | Noticed Jessica
  1136 | D:3      | Slain by a kobold

Skill      XL: |  1  2 |
---------------+-------+-----
Long Blades    | 2 |  2.4
Dodging        | 1 |  1.0
Armour         | 2 |  2.1
Fighting       | |  3.8
Stealth        | |  0.2
Invocations    | |  2.5

Action                   || total
-------------------------++-------
Melee: Falchion          ||   114
Invok: Depart the Abyss  ||     1
  Use: Scroll            ||     3
       Potion            ||     2
Armor: Leather armour    ||    11
       Scale mail        ||    25
Dodge: Dodged            ||    71
       Rpst.: Falchion   ||    23
